 Dungeon Crawl Stone Soup version 0.21-a0-504-g2eda330 (webtiles) character file.

22 4thArraOfDagon the Firebug (level 2, -1/19 HPs)
             Began as a Barachi Fire Elementalist on Nov 25, 2017.
             Slain by a worker ant (8 damage)
             ... on level 5 of the Dungeon.
             The game lasted 00:02:13 (367 turns).

4thArraOfDagon the Firebug (BaFE)                    Turns: 367, Time: 00:02:14

Health: -1/19      AC:  2    Str:  9    XL:     2   Next: 91%
Magic:  12/14      EV: 12    Int: 15    God:
Gold:   47         SH:  0    Dex: 12    Spells: 4/5 levels left

rFire    . . .     SeeInvis .   (no weapon)
rCold    . . .     Gourm    .   (no shield)
rNeg     . . .     Faith    .   a - +0 robe
rPois    .         Spirit   .   (no helmet)
rElec    .         Reflect  .   (no cloak)
rCorr    .         Harm     .   (no gloves)
MR       .....                  (no boots)
Stlth    ++........             (no amulet)
HPRegen  0.06/turn              i - ring of magical power
MPRegen  0.14/turn              (no ring)

@: can't hop, slow
A: +LOS, swims, slowness 1, strong legs 1
a: Hop


You were on level 5 of the Dungeon.
You were not hungry.

You visited 1 branch of the dungeon, and saw 5 of its levels.

You collected 47 gold pieces.

Inventory:

Armour
 a - a +0 robe (worn)
Jewellery
 i - a ring of magical power (left hand)
Scrolls
 e - a scroll of magic mapping {unknown}
 g - a scroll of fog {unknown}
 h - a scroll of identify {unknown}
 j - a scroll of immolation {unknown}
Books
 b - a book of Flames

   Spells                             Type                      Level
   a - Flame Tongue                   Conjuration/Fire             1
   b - Throw Flame                    Conjuration/Fire             2
   c - Conjure Flame                  Conjuration/Fire             3
   d - Inner Flame                    Hexes/Fire                   3
   e - Sticky Flame                   Conjuration/Fire             4
   f - Fireball                       Conjuration/Fire             5
Comestibles
 c - a bread ration
 f - a royal jelly


   Skills:
 - Level 2.1 Dodging
 - Level 1.7 Stealth
 + Level 2.4 Spellcasting
 * Level 2.1 Conjurations
 * Level 3.8 Fire Magic


You had 4 spell levels left.
You knew the following spells:

 Your Spells              Type           Power        Failure   Level  Hunger
a - Flame Tongue          Conj/Fire      ##...        6%          1    #......


Dungeon Overview and Level Annotations

Branches:
Dungeon (5/15)
 Temple: D:4-7

Altars:
Wu Jian
The Shining One


Innate Abilities, Weirdness & Mutations

Shadows flee at your approach. (+LOS)
You can swim through water.
You cover ground slowly.
You can hop short distances.


Message History

Aim: a worker ant (moderately wounded)
The flame tongue hits the worker ant.
The worker ant appears unharmed.
The worker ant is moderately wounded.
The worker ant closely misses you.
Unknown command.
Casting: Flame Tongue
Confirm with . or Enter, or press ? or * to list all spells.
Aiming: Flame Tongue
Press: ? - help, Shift-Dir - straight line, f/p - worker ant
Aim: a worker ant (moderately wounded)
Okay, then.
Unknown command.
Unknown command.
Unknown command.
Hop to where?
Press: ? - help, Dir - move target cursor, p - worker ant Boing!
The leopard gecko skeleton barely misses you.
The worker ant bites you!
You die...

....... .#
...... ## #
...... #. !....
#. .... #.. ...
#.. #.#
..###..##.####
.......Z@....#
........a....#
.........ยง...#
.............#
.............#
........)....#
..##.####.####
. #. #.# . ..+


You could see a worker ant and a leopard gecko skeleton.

Vanquished Creatures
  The ghost of 4thArraOfDagon the Firebug, a weakling BaFE of Vehumet (D:4)
  A leopard gecko (D:3)
  An orc (D:3)
  A hobgoblin (D:2)
  A quokka (D:4)
  A rat (D:2)
6 creatures vanquished.

Notes
Turn   | Place    | Note
-------+----------+-------------------------------------------
     0 | D:1      | 4thArraOfDagon the Barachi Fire Elementalist began the quest for the Orb.
     0 | D:1      | Reached XP level 1. HP: 13/13 MP: 3/3
     6 | D:1      | Noticed a hound
     6 | D:1      | Noticed a swamp drake
     6 | D:1      | Noticed a black mamba
     6 | D:1      | Noticed a redback
    78 | D:2      | Noticed a crimson imp
   137 | D:4      | Noticed a howler monkey
   185 | D:4      | Found a glowing golden altar of the Shining One.
   193 | D:4      | Found an ornate altar of the Wu Jian Council.
   196 | D:4      | Reached XP level 2. HP: 19/19 MP: 3/5
   220 | D:5      | Entered Level 5 of the Dungeon
   234 | D:5      | Noticed a centaur
   254 | D:4      | Noticed a howler monkey
   271 | D:4      | Noticed 4thArraOfDagon's ghost (weakling BaFE)
   275 | D:4      | Thaneod: ^^
   281 | D:4      | Killed 4thArraOfDagon's ghost
   367 | D:5      | Slain by a worker ant

Vault maps used:
D:1:      onia_arrival_zoo_common, minmay_misc_feat_secret_circle,
          okawaru_ov_weapons_minmay
D:2:      nemelex_xobeh_ov_fountains_minmay, cheibriados_altar_1, uniq_terence,
          uniq_robin
D:3:      lemuel_doored_altar, yredelemnul_altar_generic, old_standard_altar,
          chequers_temple_overflow_statue_of_worship
D:4:      lemuel_crystal_altar, kennysheep_mini_moat,
          minmay_temple_entry_statues_fountains, serial_shops, shop
D:5:      marbit_many_paths, first_bread

Skill      XL: |  1  2 |
---------------+-------+-----
Conjurations   | 2 |  2.1
Dodging        | |  2.1
Stealth        | |  1.7
Spellcasting   | |  2.4
Fire Magic     | |  3.8

Action                   || total
-------------------------++-------
 Cast: Flame Tongue      ||    14
 Abil: Hop               ||     2
  Use: Scroll            ||     1
Dodge: Dodged            ||     5

Table legend:
 A = Spawn XP
 B = Non-spawn XP
 C = Spawn XP percentage of total XP
 D = Spawn monster count
 E = Non-spawn monster count
 F = Spawn count percentage of total count
 G = Total turns spent on level
                    A         B        C        D         E        F      G
               +---------+---------+-------+---------+---------+-------+---------
         Total |       0 |      32 |   0.0 |       0 |       6 |   0.0 |   367
               +---------+---------+-------+---------+---------+-------+---------
           D:2 |       0 |       3 |   0.0 |       0 |       2 |   0.0 |    21
           D:3 |       0 |       6 |   0.0 |       0 |       2 |   0.0 |    66
           D:4 |       0 |      23 |   0.0 |       0 |       2 |   0.0 |   227
               +---------+---------+-------+---------+---------+-------+---------
